 Dungeon Crawl Stone Soup version 0.22-a0-603-gfc1114d (webtiles) character file.

25585 Amnesiac the Destroyer (level 12, 0/59 HPs)
             Began as a Deep Elf Wizard on July 8, 2018.
             Was a High Priest of Vehumet.
             Shot with an arrow by a centaur (6 damage)
             ... led by a centaur warrior
             ... on level 13 of the Dungeon.
             The game lasted 00:31:01 (15595 turns).

Amnesiac the Destroyer (Deep Elf Wizard)           Turns: 15595, Time: 00:31:02

Health: 0/59       AC:  6    Str:  4    XL:     12   Next: 90%
Magic:  0/39       EV: 13    Int: 29    God:    Vehumet [*****.]
Gold:   817        SH:  5    Dex: 13    Spells: 10/35 levels left

rFire    . . .     SeeInvis .   a - +3 dagger (elec)
rCold    + . .     Gourm    +   w - +0 buckler
rNeg     . . .     Faith    .   z - +0 robe
rPois    .         Spirit   +   (no helmet)
rElec    .         Reflect  .   y - scarf {Spirit}
rCorr    .         Harm     .   u - +2 pair of gloves
MR       +....                  p - +0 pair of boots
Stlth    ++........             j - amulet of the gourmand
HPRegen  0.19/turn              m - ring of magical power
MPRegen  0.26/turn              o - ring of protection from cold

@: no status effects
A: no striking features
a: Renounce Religion


You were on level 13 of the Dungeon.
You worshipped Vehumet.
Vehumet was extremely pleased with you.
You were full.

You visited 2 branches of the dungeon, and saw 14 of its levels.
You also visited: Sewer and Ice Cave.

You collected 817 gold pieces.

Inventory:

Hand Weapons
 a - a +3 dagger of electrocution (weapon)
Armour
 p - a +0 pair of boots (worn)
 t - a scarf of resistance
 u - a +2 pair of gloves (worn)
 w - a +0 buckler (worn)
 y - a scarf of spirit shield (worn)
 z - a +0 robe (worn)
 G - a +1 cloak of cold resistance
Jewellery
 j - an amulet of the gourmand (around neck)
 m - a ring of magical power (left hand)
 n - an uncursed ring of see invisible
 o - a ring of protection from cold (right hand)
 A - an uncursed ring of positive energy
 B - an uncursed ring of resist corrosion
Wands
 f - a wand of enslavement (19)
 i - a wand of flame (35)
 q - a wand of paralysis (7)
Scrolls
 b - 5 scrolls of magic mapping {!r}
 c - 5 scrolls of amnesia {!r}
 e - 7 scrolls of remove curse {!r}
 g - 4 scrolls of teleportation {!r}
 h - 2 scrolls of fog {!r}
 s - 3 scrolls of identify {!r}
 C - a scroll of acquirement {!r, unknown}
 D - a scroll of immolation {!r, unknown}
Potions
 k - 5 potions of might {!q}
 l - 7 potions of flight {!q}
 r - a potion of haste {!q}
 v - 2 potions of lignification {!q}
 x - 4 potions of curing {!q}
 E - a potion of cancellation {!q}
 F - a potion of resistance {!q}
Comestibles
 d - 22 rations


   Skills:
 - Level 2.4 Dodging
 - Level 2.4 Stealth
 - Level 4.0 Shields
 + Level 12.2 Spellcasting
 * Level 14.4 Conjurations
 - Level 1.1 Summonings
 - Level 1.1 Translocations
 * Level 14.3 Fire Magic
 - Level 2.0 Ice Magic


You had 10 spell levels left.
You knew the following spells:

 Your Spells              Type           Power        Failure   Level  Hunger
a - Fireball              Conj/Fire      #######...   1%          5    ##.....
b - Call Imp              Summ           ###.....     3%          2    None
c - Throw Frost           Conj/Ice       ######       1%          2    None
d - Orb of Destruction    Conj           #######...   1%          7    ######.
e - Mephitic Cloud        Conj/Pois/Air  #####...     1%          3    None
f - Magic Dart            Conj           ####         0%          1    None
s - Conjure Flame         Conj/Fire      #######.     1%          3    None
v - Blink                 Tloc           N/A          3%          2    None

Your spell library contained the following spells:

 Spells                   Type           Power        Failure   Level  Hunger
 Lightning Bolt           Conj/Air       ######....   1%          5    ##.....
 Slow                     Hex            ###.....     4%          2    None
 Throw Flame              Conj/Fire      ######       0%          2    None
 Sticky Flame             Conj/Fire      #######.     1%          4    None
 Flame Tongue             Conj/Fire      #####        0%          1    None
 Shatter                  Erth           ###.......   100%        9    #######
 Static Discharge         Conj/Air       ######..     1%          3    None
 Tornado                  Air            ###.......   100%        9    #######
 Inner Flame              Hex/Fire       ######..     1%          3    None
 Ignition                 Fire           #######...   14%         8    #######


Dungeon Overview and Level Annotations

Branches:
Dungeon (13/15)            Temple (1/1) D:7            Lair (0/6) D:11
    Orc (0/2) D:11
 Vaults: D:13-14

Altars:
Ashenzari
Cheibriados
Dithmenos
Elyvilon
Fedhas
Gozag
Hepliaklqana
Kikubaaqudgha
Makhleb
Nemelex Xobeh
Okawaru
Qazlal
Ru
Sif Muna
Trog
Uskayaw
Vehumet
Wu Jian
Xom
Yredelemnul
Zin
The Shining One

Annotations:
D:10 exclusion: 4 orange crystal statues


Message History

Confirm with . or Enter, or press ? or * to list all spells.
You blink.
Something unseen opens the door.
Your surroundings suddenly seem different.
You start resting.
A centaur warrior comes into view.
You start resting.
The centaur warrior is too close now for your liking.
Casting: Blink (safe; 3% risk of failure)
Confirm with . or Enter, or press ? or * to list all spells.
Aiming: Orb of Destruction (safe; 1% risk of failure)
Press: ? - help, Shift-Dir - straight line, f - centaur warrior
Aim: a centaur warrior (hasn't noticed you)
The centaur warrior shouts!
You hear a shout!
You hear a bark!
The centaur warrior wields a runed longbow.
It bursts into flame!
The centaur warrior shoots an arrow.
The arrow hits you! The arrow burns you.
You see here an arrow.
The orb of destruction hits the centaur warrior.
The centaur warrior is almost dead.
The centaur warrior shoots an arrow.
The arrow hits you!
* * * LOW HITPOINT WARNING * * *
The arrow burns you!
* * * LOW HITPOINT WARNING * * *
A centaur comes into view.
You see here an arrow.
Evoke which item? (* to show all) (? for menu, Esc to quit)
Okay, then.
Okay, then.
Okay, then.
Evoke which item? (* to show all) (? for menu, Esc to quit)
Aiming: Paralyse
Press: ? - help, Shift-Dir - straight line, f/p - centaur warrior
Aim: a centaur warrior, wielding a longbow of flaming (almost dead, chance to defeat MR: 28%)
Okay, then.
Evoke which item? (* to show all) (? for menu, Esc to quit)
Aiming: Throw Flame
Press: ? - help, Shift-Dir - straight line, f/p - centaur warrior
Aim: a centaur warrior, wielding a longbow of flaming (almost dead)
The puff of flame hits the centaur warrior.
You kill the centaur warrior!
Vehumet accepts your kill.
You feel your power returning.
The centaur wields a shortbow.
The centaur shoots an arrow.
The arrow completely misses you.
Evoke which item? (* to show all) (? for menu, Esc to quit)
Aiming: Paralyse
Press: ? - help, Shift-Dir - straight line, f - centaur
Aim: a centaur, wielding a shortbow (chance to defeat MR: 46%)
The centaur resists with some effort.
Evoke which item? (* to show all) (? for menu, Esc to quit)
Aiming: Paralyse
Press: ? - help, Shift-Dir - straight line, f/p - centaur
Aim: a centaur, wielding a shortbow (chance to defeat MR: 46%)
The centaur resists with some effort.
The centaur shoots an arrow.
The arrow hits you.
* * * LOW HITPOINT WARNING * * *
The centaur shoots an arrow.
The arrow hits you.
* * * LOW HITPOINT WARNING * * *
Evoke which item? (* to show all) (? for menu, Esc to quit)
Aiming: Paralyse
Press: ? - help, Shift-Dir - straight line, f/p - centaur
Aim: a centaur, wielding a shortbow (chance to defeat MR: 46%)
The centaur resists with some effort.
The centaur shoots an arrow.
The arrow hits you!
You die...

#........#
#........#
#..c.....#
#...)....#
#........#
#........#
#........#
#........#
#.(@.....#
##########
# .
#####+##
........
........
........


You could see a centaur.

Vanquished Creatures
  A frost giant (IceCv)
  2 death knights (D:13)
  A centaur warrior (D:13)
  3 two-headed ogres
  An unseen horror (D:12)
  2 orange crystal statues (D:10)
  A phantasmal warrior (D:13)
  A deep elf mage (D:10)
  A cyclops (D:12)
  A centaur zombie (D:11)
  A gargoyle (D:12)
  An ice statue (IceCv)
  2 freezing wraiths (D:13)
  13 polar bears (IceCv)
  3 trolls
  Prince Ribbit (D:8)
  11 slime creatures (D:12)
  4 hippogriffs
  16 yaks
  A steam dragon (D:11)
  2 hungry ghosts (D:10)
  A water moccasin (D:7)
  9 orc warriors
  An ice beast (D:6)
  A swamp drake (D:11)
  2 black bears
  2 eyes of draining
  2 necrophages
  8 ogres
  9 wolves (IceCv)
  5 centaurs
  A big kobold (Sewer)
  9 bullfrogs
  A wyvern zombie (D:9)
  3 scorpions
  8 killer bees
  7 wights
  7 howler monkeys
  4 crimson imps
  3 bullfrog zombies
  A quasit (D:8)
  3 hounds
  14 orc priests
  A bullfrog skeleton (D:10)
  A centaur skeleton (D:8)
  7 jellies
  Ijyb (D:5)
  3 iguanas
  10 orc wizards
  9 worker ants
  2 hound skeletons
  A howler monkey zombie (D:8)
  3 gnolls (D:2)
  14 adders
  2 river rats (Sewer)
  2 shadow imps
  12 white imps (D:12)
  2 adder zombies
  An adder skeleton (D:2)
  3 worms
  A dart slug (D:2)
  A leopard gecko (D:9)
  53 orcs
  7 bats
  6 giant cockroaches
  9 goblins
  3 hobgoblins
  3 jackals
  15 kobolds
  7 quokkas
  3 ball pythons (D:4)
  5 frilled lizards
  A giant cockroach zombie (D:2)
  4 leopard gecko zombies
  2 quokka skeletons
  17 rats
381 creatures vanquished.

Vanquished Creatures (collateral kills)
  Pikel (D:6)
  An orc warrior (D:6)
  An ogre (D:4)
  2 killer bees (D:8)
  A hound (D:4)
  A worker ant (D:4)
  A gnoll (D:3)
  A river rat (D:4)
  A jackal (D:3)
10 creatures vanquished.

Grand Total: 391 creatures vanquished

Notes
Turn   | Place    | Note
-------+----------+-------------------------------------------
     0 | D:1      | Amnesiac the Deep Elf Wizard began the quest for the Orb.
     0 | D:1      | Reached XP level 1. HP: 10/10 MP: 7/7
   257 | D:1      | Reached XP level 2. HP: 15/15 MP: 7/9
   261 | D:1      | Learned a level 2 spell: Blink
   264 | D:1      | Learned a level 2 spell: Call Imp
   448 | D:3      | Reached XP level 3. HP: 3/19 MP: 0/11
   453 | D:3      | Learned a level 3 spell: Conjure Flame
   457 | D:3      | Learned a level 3 spell: Mephitic Cloud
   714 | D:4      | Noticed an ogre
   727 | D:4      | Killed an ogre
   727 | D:4      | Reached skill level 5 in Conjurations
   727 | D:4      | Reached XP level 4. HP: 15/24 MP: 1/12
   910 | D:4      | Reached XP level 5. HP: 28/28 MP: 2/14
   957 | D:4      | Found a glowing drain.
   968 | Sewer    | Entered a sewer
  1207 | Sewer    | Reached skill level 5 in Spellcasting
  1333 | Sewer    | Found a white marble altar of Elyvilon.
  1530 | D:4      | Reached XP level 6. HP: 28/32 MP: 9/16
  2094 | D:5      | Entered Level 5 of the Dungeon
  2125 | D:5      | Found a shimmering altar of Xom.
  2161 | D:5      | Noticed Ijyb
  2179 | D:5      | Killed Ijyb
  2263 | D:5      | Found a white marble altar of Elyvilon.
  2338 | D:5      | Found a shattered altar of Ashenzari.
  2601 | D:5      | HP: 1/32 [centaur/arrow (12)]
  2623 | D:5      | Reached XP level 7. HP: 25/36 MP: 2/18
  3135 | D:6      | Found an iron altar of Okawaru.
  3349 | D:6      | Noticed Pikel
  3373 | D:6      | Killed Pikel
  3373 | D:6      | Reached XP level 8. HP: 30/41 MP: 2/21
  3766 | D:7      | Noticed a hippogriff
  3790 | D:7      | Killed a hippogriff
  3790 | D:7      | Reached skill level 1 in Shields
  4559 | D:7      | Found a staircase to the Ecumenical Temple.
  4612 | Temple   | Entered the Ecumenical Temple
  4663 | Temple   | Became a worshipper of Vehumet
  4684 | D:7      | Reached skill level 10 in Conjurations
  5630 | D:2      | Found a burning altar of Makhleb.
  5649 | D:2      | Reached * piety under Vehumet
  5649 | D:2      | Offered knowledge of Shock by Vehumet.
  5741 | D:2      | Found a snail-covered altar of Cheibriados.
  6143 | D:3      | Found an ornate altar of the Wu Jian Council.
  6629 | D:7      | Noticed a hippogriff
  6962 | D:7      | Reached XP level 9. HP: 39/45 MP: 13/24
  7035 | D:7      | Learned a level 5 spell: Fireball
  7042 | D:8      | Reached skill level 1 in Fire Magic
  7298 | D:8      | Noticed a two-headed ogre
  7322 | D:8      | Killed a two-headed ogre
  7353 | D:8      | Reached skill level 5 in Fire Magic
  7489 | D:8      | Offered knowledge of Sandblast by Vehumet.
  7585 | D:8      | Reached ** piety under Vehumet
  7952 | D:8      | Noticed Prince Ribbit
  7960 | D:8      | Killed Prince Ribbit
  8210 | D:9      | Reached XP level 10. HP: 50/50 MP: 14/25
  8451 | D:9      | Offered knowledge of Throw Frost by Vehumet.
  8514 | D:9      | Learned a level 2 spell: Throw Frost
  8515 | D:9      | Found a sparkling altar of Nemelex Xobeh.
  8537 | D:9      | Found a burning altar of Makhleb.
  8549 | D:9      | Reached skill level 1 in Ice Magic
  8676 | D:9      | Reached *** piety under Vehumet
  8793 | D:9      | Found a hazy altar of Hepliaklqana.
  8923 | D:9      | Found a glowing golden altar of the Shining One.
  9182 | D:10     | Entered Level 10 of the Dungeon
  9185 | D:10     | Found the +10 large shield of Ignorance {rN+ Int-4}
  9204 | D:9      | Reached skill level 10 in Fire Magic
  9297 | D:10     | Noticed a deep elf mage
  9390 | D:10     | Killed a deep elf mage
  9390 | D:10     | Offered knowledge of Iskenderun's Mystic Blast by Vehumet.
  9601 | D:10     | Noticed a two-headed ogre
  9763 | D:11     | Reached **** piety under Vehumet
  9794 | D:11     | Offered knowledge of Lightning Bolt by Vehumet.
  9985 | D:11     | Found a staircase to the Orcish Mines.
 10110 | D:11     | Reached XP level 11. HP: 54/54 MP: 26/26
 10477 | D:11     | Found a staircase to the Lair.
 10753 | D:10     | Found a runed door.
 10760 | D:10     | Noticed an orange crystal statue
 10780 | D:10     | Found a runed door.
 10951 | D:10     | Killed a two-headed ogre
 11043 | D:10     | Reached skill level 10 in Spellcasting
 11061 | D:10     | Reached ***** piety under Vehumet
 11093 | D:10     | Offered knowledge of Ozocubu's Refrigeration by Vehumet.
 11514 | D:10     | Noticed an orange crystal statue
 11514 | D:10     | Noticed an orange crystal statue
 11514 | D:10     | Noticed an orange crystal statue
 11515 | D:10     | Noticed a two-headed ogre
 11936 | D:10     | Killed an orange crystal statue
 12192 | D:10     | Killed an orange crystal statue
 12455 | D:12     | Found a frozen archway.
 12460 | D:12     | Noticed a two-headed ogre
 12466 | D:12     | Killed a two-headed ogre
 12875 | IceCv    | Entered an ice cave
 13234 | IceCv    | Reached XP level 12. HP: 59/59 MP: 14/28
 13827 | IceCv    | Offered knowledge of Orb of Destruction by Vehumet.
 13836 | IceCv    | Learned a level 7 spell: Orb of Destruction
 14036 | IceCv    | Noticed a frost giant
 14275 | IceCv    | Killed a frost giant
 14295 | IceCv    | Got an ichor-stained great sword {slice}
 15386 | D:13     | Noticed a death knight
 15401 | D:13     | Killed a death knight
 15542 | D:13     | Noticed a death knight
 15547 | D:13     | Killed a death knight
 15548 | D:13     | Noticed a centaur warrior
 15569 | D:13     | Noticed a centaur warrior
 15592 | D:13     | Killed a centaur warrior
 15595 | D:13     | Shot with an arrow by a centaur

Vault maps used:
D:1:      dpeg_arrival_simpleton_c
D:2:      kennysheep_slug_shrine, serial_undead, serial_undead_b,
          serial_undead_b, serial_undead_f, serial_undead_a, bloody_makhleb
D:3:      nicolae_overflow_crystal_walls
D:4:      portal_sewer_entry_e, first_ration
D:5:      old_standard_altar, brannock_xom_greatest_gift, lemuel_round_altar,
          uniq_ijyb
D:6:      kennysheep_small_spiral, minmay_misc_feat_cross,
          kennysheep_okawaru_gauntlet, uniq_pikel
D:7:      minmay_temple_entry_glassed_door
D:8:      uniq_prince_ribbit1
D:9:      lemuel_doored_altar, old_standard_altar, marbit_many_paths,
          kennysheep_mini_moat
D:10:     grunt_ogre_cave, chequers_guarded_unrand_ignorance
D:11:     lair_entry_dummy, erik_orc_1, minmay_strange_pillars,
          lemuel_flamethrower_hall
D:12:     portal_ice_cave_entry_imps
D:13:     erik_vaults_2
Temple:   cyrus_circular_temple
Sewer:    sewer_kobolds
IceCv:    ice_cave_small_giant

Skill      XL: |  1  2  3  4  5  6  7  8  9 10 11 12 |
---------------+-------------------------------------+-----
Conjurations   | 2 3 5 6 7 9 10 11 13 14 | 14.4
Spellcasting   | 5 6 7 9 10 12 | 12.2
Shields        | 2 4 |  4.0
Fire Magic     | 7 11 12 14 | 14.3
Ice Magic      | 2 |  2.0
Dodging        | |  2.4
Stealth        | |  2.4
Summonings     | |  1.1
Translocations | |  1.1

Action                   |  1- 3 |  4- 6 |  7- 9 | 10-12 || total
-------------------------+-------+-------+-------+-------++-------
Melee: Unarmed           |    22 |    17 |       |       ||    39
       Mace              |       |     7 |     8 |       ||    15
       Dagger            |       |       |    25 |    61 ||    86
 Cast: Magic Dart        |    53 |   107 |   280 |    58 ||   498
       Call Imp          |     8 |     5 |    13 |     2 ||    28
       Mephitic Cloud    |       |     5 |     5 |     3 ||    13
       Conjure Flame     |       |       |    11 |     2 ||    13
       Blink             |       |       |     4 |     2 ||     6
       Fireball          |       |       |    26 |   284 ||   310
       Orb of Destructio |       |       |       |    13 ||    13
Evoke: Wand              |       |       |       |     9 ||     9
  Use: Potion            |     3 |     3 |     1 |     5 ||    12
       Scroll            |       |     2 |    13 |     3 ||    18
 Stab: Confused          |       |     1 |       |       ||     1
       Paralysed         |       |       |       |     2 ||     2
       Invisible         |       |       |       |     3 ||     3
  Eat: Chunk             |    14 |     6 |    21 |    62 ||   103
Armor: Robe              |     6 |     6 |    13 |    17 ||    42
       Skin              |       |       |    34 |     7 ||    41
Dodge: Dodged            |    39 |    39 |    55 |    56 ||   189
Block: Buckler           |       |       |    18 |    22 ||    40

Table legend:
 A = Spawn XP
 B = Non-spawn XP
 C = Spawn XP percentage of total XP
 D = Spawn monster count
 E = Non-spawn monster count
 F = Spawn count percentage of total count
 G = Total turns spent on level
                    A         B        C        D         E        F      G
               +---------+---------+-------+---------+---------+-------+---------
         Total |       0 |   36550 |   0.0 |       0 |     391 |   0.0 | 15595
               +---------+---------+-------+---------+---------+-------+---------
           D:1 |       0 |      19 |   0.0 |       0 |      14 |   0.0 |   921
           D:2 |       0 |     144 |   0.0 |       0 |      34 |   0.0 |   684
           D:3 |       0 |      42 |   0.0 |       0 |      18 |   0.0 |   769
           D:4 |       0 |     365 |   0.0 |       0 |      24 |   0.0 |  1067
           D:5 |       0 |     312 |   0.0 |       0 |       8 |   0.0 |  1008
           D:6 |       0 |     809 |   0.0 |       0 |      19 |   0.0 |   793
           D:7 |       0 |     997 |   0.0 |       0 |      19 |   0.0 |  1327
           D:8 |       0 |    2630 |   0.0 |       0 |      34 |   0.0 |  1389
           D:9 |       0 |    2191 |   0.0 |       0 |      31 |   0.0 |   991
          D:10 |       0 |    5687 |   0.0 |       0 |      42 |   0.0 |  1905
          D:11 |       0 |    2644 |   0.0 |       0 |      43 |   0.0 |  1134
          D:12 |       0 |    6857 |   0.0 |       0 |      49 |   0.0 |  1068
          D:13 |       0 |    4237 |   0.0 |       0 |       9 |   0.0 |   224
         Sewer |       0 |     142 |   0.0 |       0 |      11 |   0.0 |   408
         IceCv |       0 |    9474 |   0.0 |       0 |      36 |   0.0 |  1848
               +---------+---------+-------+---------+---------+-------+---------
